 Dungeon Crawl Stone Soup version 0.29.1-14-g9c671dbff4 (webtiles) character file.

Game seed: 12401253648656577728

261 promet the Covert (level 5, -1/39 HPs)
             Began as a Vampire Brigand on Feb 17, 2023.
             Succumbed to a kobold brigand's poison
             ... in a sewer.
             The game lasted 00:19:32 (3882 turns).

promet the Covert (Vampire Brigand)                 Turns: 3882, Time: 00:19:32

Health: -1/39      AC:  3    Str: 10    XL:     5   Next: 96%
Magic:  5/5        EV: 12    Int: 13    God:
Gold:   97         SH:  0    Dex: 18    Spells: 3/4 levels left

rFire   + . .      SeeInvis +   a - +3 dagger
rCold   x . .      Faith    .   (no shield)
rNeg    . . .      Spirit   .   h - +0 robe
rPois   .          Reflect  .   (no helmet)
rElec   .          Harm     .   c - +0 cloak
rCorr   .          Rampage  .   (no gloves)
Will    .....                   (no boots)
Stlth   ++++......              (no amulet)
HPRegen 0.33/turn               m - ring of fire
MPRegen 0.09/turn               (no ring)

@: lethally poisoned (-1 -> -10), about to teleport, healing quickly
A: alive, fangs 3, see invisible, vampiric 2
a: Exsanguinate


You were in a sewer.
You visited 1 branch of the dungeon, and saw 3 of its levels.
You also visited: Sewer.

You collected 97 gold pieces.

Inventory:

Hand Weapons
 a - a +3 dagger (weapon)
 b - a +0 sling
 g - a +0 spear
Missiles
 d - 21 poisoned darts (quivered)
 e - 8 curare-tipped darts
 k - 13 stones
Armour
 c - a +0 cloak (worn)
 h - a +0 robe (worn)
Jewellery
 m - a ring of fire (left hand)
Scrolls
 j - a scroll of enchant weapon
 p - a scroll of identify
Potions
 f - a potion of attraction
 i - a potion of mutation {unknown}


   Skills:
 + Level 2.6 Fighting
 + Level 3.9 Short Blades
 + Level 1.7 Throwing
 + Level 1.8 Dodging
 + Level 8.8 Stealth
 + Level 0.1 Spellcasting
 + Level 0.3 Conjurations


You had 3 spell levels left.
You knew the following spells:

 Your Spells              Type           Power      Damage    Failure   Level
a - Foxfire               Conj/Fire      0%         2x1d4     28%         1

Your spell library contained the following spells:

 Spells                   Type           Power      Damage    Failure   Level
 Necrotise                Necr           0%         1d4       30%         1
 Sublimation of Blood     Necr           0%         N/A       43%         2
 Wereblood                Tmut           0%         N/A       43%         2
 Conjure Flame            Conj/Fire      0%         6-21      65%         3
 Inner Flame              Hex/Fire       0%         N/A       67%         3
 Vampiric Draining        Necr           0%         2d6       67%         3
 Flame Wave               Conj/Fire      0%         2d4       96%         4
 Agony                    Necr           0%         N/A       100%        5
 Summon Hydra             Summ           0%         N/A       100%        7


Dungeon Overview and Level Annotations

Branches:
Dungeon (3/15)              Sewer (1/1)

Altars:

Shops:
D:1 (   D:3 (


Innate Abilities, Weirdness & Mutations

Your natural rate of healing is accelerated.
You have razor-sharp teeth.
You have supernaturally acute eyesight. (SInv)
You are afflicted with vampirism and can become a bat while bloodless.


Message History

The kobold brigand is moderately wounded.
You closely miss the kobold brigand. You bite the kobold brigand.
The kobold brigand is heavily wounded.
The kobold brigand hits you with a +0 dagger.
The kobold hits you with a +0 dagger.
You closely miss the kobold brigand.
The kobold brigand is heavily wounded.
The kobold brigand barely misses you. The kobold barely misses you.
You miss the kobold brigand.
The kobold brigand is heavily wounded.
The kobold brigand hits you with a +0 dagger.
The kobold misses you.
You hit the kobold.
The kobold is moderately wounded.
The kobold brigand hits you with a +0 dagger.
The kobold closely misses you.
You completely miss the kobold brigand.
The kobold brigand is heavily wounded.
You barely miss the kobold brigand. You bite the kobold brigand.
The kobold brigand is heavily wounded.
The kobold brigand hits you with a +0 dagger!
* * * LOW HITPOINT WARNING * * *
The kobold hits you but does no damage.
You hit the kobold brigand.
The kobold brigand is heavily wounded.
The kobold brigand hits you with a +0 dagger!
* * * LOW HITPOINT WARNING * * *
The kobold misses you.
As you read the scroll of teleportation, it crumbles to dust.
You feel strangely unstable. The kobold brigand barely misses you.
The kobold hits you with a +0 dagger.
* * * LOW HITPOINT WARNING * * *
The kobold brigand attacks as you move away!
The kobold brigand barely misses you.
The kobold brigand throws a poisoned dart.
The poisoned dart hits you!
You are lethally poisoned!
The kobold barely misses you.
You see here a yellow potion.
You die...

#...#≈≈≈# #∩∩.#~≈~#
#...'~~~# ######†≈~#
#..!.#~≈~# #.K∩.#~≈~#
#?K).#~≈~# #..!.#~≈~#
##'@##~~~##++###
#....#~≈~#.....###
###...P#~≈~#.....P.#
#....~~~~≈~#.......#
##...~~~~≈~#......P#
##...~~#~≈~#PP.....#
#....~~#~~~#~~.....#
#......#~≈~#P~P....##
#......#~≈~~~~......#


You could see a kobold brigand and a kobold.

Vanquished Creatures
  A kobold brigand (Sewer)
  Natasha (D:2)
  Robin (D:2)
  3 gnolls
  3 adders
  A worm (D:2)
  4 endoplasms
  8 giant cockroaches
  26 goblins
  A hobgoblin (D:2)
  5 jackals
  7 quokkas
  5 ball pythons
  5 bats
  2 frilled lizards (Sewer)
  13 kobolds
  4 rats (D:2)
90 creatures vanquished.

Vanquished Creatures (others)
  8 foxfires
  7 plants (Sewer)
15 creatures vanquished.

Grand Total: 105 creatures vanquished

Notes
Turn   | Place    | Note
-------+----------+-------------------------------------------
     0 | D:1      | promet the Vampire Brigand began the quest for the Orb.
     0 | D:1      | Reached XP level 1. HP: 16/16 MP: 1/1
    59 | D:1      | Reached skill level 6 in Stealth
    59 | D:1      | Reached XP level 2. HP: 22/22 MP: 2/2
   229 | D:1      | Found Ziqac's Weapon Shoppe.
   308 | D:1      | Found a faded altar of an unknown god.
   407 | D:1      | Reached skill level 7 in Stealth
   627 | D:1      | Gained mutation: You are afflicted with vampirism and can
                  | become a bat while bloodless. [Vampire growth]
   627 | D:1      | Reached XP level 3. HP: 27/27 MP: 3/3
  1159 | D:2      | Identified the +1 pair of boots of the Spheres {Harm}
  1714 | D:2      | Reached XP level 4. HP: 33/33 MP: 4/4
  1898 | D:2      | Noticed Robin
  2172 | D:2      | Reached skill level 8 in Stealth
  2353 | D:2      | Killed Robin
  2528 | D:2      | Noticed Natasha
  2535 | D:2      | Killed Natasha
  2714 | D:3      | Learned a level 1 spell: Foxfire
  2748 | D:3      | Reached XP level 5. HP: 38/38 MP: 5/5
  2835 | D:3      | Found Jepil's Weapon Emporium.
  2926 | D:3      | Found a glowing drain.
  3039 | Sewer    | Entered a sewer
  3880 | Sewer    | HP: 1/39 [kobold/+0 dagger (1)]
  3882 | Sewer    | Succumbed to a kobold brigand's poison

Illustrated notes

Levels and vault maps discovered:
D:1:      dpeg_arrival_round_c, layout_basic, shapermc_ecumenical_altar_pompeii,
          serial_shops, nicolae_shop_bloodbath_and_beyond
D:2:      minmay_angry_zag, layout_loops_ring, grunt_decor_cap, uniq_natasha,
          uniq_robin
D:3:      layout_basic, nzn_overflow_gifts_of_might_and_magic,
          gup_sewer_entry_pipe, serial_shops, nicolae_shop_trees
Sewer:    kennysheep_pipe_town

Skill      XL: |  1  2  3  4 |
---------------+-------------+-----
Fighting       | 2 |  2.6
Stealth        | 6 7 8 |  8.8
Short Blades   | 3 |  3.9
Throwing       | |  1.7
Dodging        | |  1.8
Spellcasting   | |  0.1
Conjurations   | |  0.3

Action                   |  1- 3 |  4- 6 || total
-------------------------+-------+-------++-------
Melee: Dagger            |   102 |   152 ||   254
       Punch             |     3 |     1 ||     4
       Bite              |     6 |    19 ||    25
Throw: Dart              |       |     1 ||     1
       Stone             |       |     1 ||     1
 Cast: Foxfire           |       |     5 ||     5
 Abil: Exsanguinate      |     1 |       ||     1
  Use: Scroll            |     6 |     4 ||    10
       Potion            |       |     2 ||     2
 Stab: Sleeping          |    16 |    10 ||    26
       Distracted        |       |     1 ||     1
Armor: Robe              |    21 |    32 ||    53
Dodge: Dodged            |    43 |    93 ||   136
